[Event "Polish Youth Ekstraliga 2022"]
[Site "Lublin"]
[Date "2022.06.30"]
[Round "6.1"]
[White "Czopor, Maciej"]
[Black "Niedbala, Bartlomiej"]
[Result "1/2-1/2"]
[ECO "E04"]
[WhiteElo "2425"]
[BlackElo "2384"]
[Annotator "TA"]
[PlyCount "74"]
[EventDate "2022.06.24"]
[EventType "team-tourn"]
[EventCountry "POL"]
[SourceTitle "playchess.com"]
[Source "ChessBase"]
[SourceQuality "1"]
[TimeControl "40/5400+30:1800+30"]

1. d4 Nf6 2. c4 e6 3. Nf3 d5 4. g3 dxc4 5. Bg2 c6 6. O-O b5 7. Ne5 {[%emt 0:02:40] E04: Open Catalan: 5 Nf3.} Bb7 8. a4 {[%emt 0:00:03] [#] aiming for axb5.} a6 9. b3 cxb3 10. Qxb3 {[%emt 0:00:05] [#] is now debated instead of 10.Bb2.} b4 $146 ({Predecessor:} 10... Be7 11. Rd1 O-O 12. Ba3 Nfd7 13. Nd3 Bxa3 14. Qxa3 Nb6 15. Nc5 Bc8 16. Nc3 Qe7 {1-0 (77) Matlakov,M (2674)-Andreikin,D (2724) Chess.com INT 2022}) 11. Bb2 a5 12. Nd2 Be7 13. Rac1 O-O 14. Nxc6 Nxc6 15. Bxc6 Qb6 16. Bxb7 Qxb7 17. Rc2 Rfc8 18. Rfc1 Nd5 19. Nc4 $1 Qa6 20. e4 Nc3 21. Bxc3 {[%emt 0:00:05] [#] Threatens to win with Bd2.} Qxc4 22. Qxc4 Rxc4 23. Bb2 Rxc2 24. Rxc2 $11 {[%emt 0:00:01][%mdl 4096] Endgame KRB-KRB} Kf8 25. Kf1 Ke8 26. Ke2 Kd7 27. Kd3 g6 28. f3 Rb8 29. Rc4 Bd6 30. e5 Be7 31. Ke4 f5+ 32. exf6 Bxf6 33. Rc5 Rc8 34. Rxc8 ({But not} 34. Rxa5 Rc2 35. Ra7+ Ke8 $19) 34... Kxc8 35. Kd3 Kd7 36. Kc4 Kc6 37. Bc1 Be7 {[%emt 0:03:11] Weighted Error Value: White=0.05 (flawless) /Black=0.06 (flawless)} 1/2-1/2

[Event "Polish Youth Ekstraliga 2022"]
[Site "Lublin"]
[Date "2022.06.30"]
[Round "6.2"]
[White "Redzisz, Michal"]
[Black "Luberanski, Jakub"]
[Result "0-1"]
[ECO "B12"]
[WhiteElo "2236"]
[BlackElo "2241"]
[Annotator "TA"]
[PlyCount "75"]
[EventDate "2022.06.24"]
[EventType "team-tourn"]
[EventCountry "POL"]
[SourceTitle "playchess.com"]
[Source "ChessBase"]
[SourceQuality "1"]
[TimeControl "40/5400+30:1800+30"]

1. e4 c6 2. d4 d5 3. e5 Bf5 4. h4 Qb6 5. g4 Bd7 (5... Be4 $2 6. f3 $18) 6. h5 {[%emt 0:04:28] B12: Caro-Kann: Advance Variation.} e6 7. f4 c5 8. c3 {[%emt 0:00:15] Black is slightly better.} Nc6 9. Nf3 Rc8 10. Rh2 {[%emt 0:17:36] [#]} (10. Na3 $15) 10... Nh6 (10... f6 $1 $17 {And now ...cxd4 would win.} 11. Rc2 cxd4 12. cxd4 fxe5 13. Nxe5 (13. fxe5 Nh6 $17) 13... Nxe5 14. Rxc8+ Bxc8 15. fxe5 Ne7) 11. Bh3 (11. dxc5 $11 {remains equal.} Bxc5 12. Bh3) 11... cxd4 $17 12. cxd4 $2 {[%emt 0:06:44] [#]} (12. Kf1 $17) 12... Nxd4 $1 $19 13. Nxd4 {[%emt 0:02:12] [#] Threatens to win with Nc3.} Rxc1 14. Qxc1 Qxd4 15. Ke2 g5 (15... Bb5+ 16. Kf3 Bc5 17. Na3 Qd3+ 18. Kg2 $17) 16. Qd2 (16. Nc3 {was worth a try.} gxf4 17. Rf2 Qxe5+ 18. Kd1) 16... Bb5+ 17. Kf3 Qe4+ 18. Kg3 Rg8 19. Rf2 {[%emt 0:03:56] [#]} Bc5 $146 (19... gxf4+ $19 {has better winning chances.} 20. Qxf4 Qh1) ({Predecessor:} 19... gxf4+ 20. Qxf4 Nf5+ 21. Kh2 Qxf4+ 22. Rxf4 Bg7 23. Rxf5 exf5 24. gxf5 Bxe5+ 25. Kh1 Bxb2 {0-1 (25) Jurkina,Y (1999)-Ovetchkin,R (2501) Samara 2012}) 20. Nc3 $17 Bxf2+ 21. Kxf2 Qb4 {[%emt 0:00:42] The board is on fire. Black is more active.} 22. a3 Qc5+ 23. Kg3 $1 Bc6 (23... gxf4+ $15 24. Qxf4 Nf5+ 25. Kh2 Ne7 26. Nxb5 Qxb5) 24. Rc1 $2 (24. fxg5 $11 {and White stays safe.} d4 25. gxh6 Qxe5+ 26. Kh4 (26. Qf4 Qxf4+ 27. Kxf4 dxc3 $15)) 24... gxf4+ $19 25. Qxf4 Nf5+ 26. Kh2 Qe3 ({Black should try} 26... Qd4 $19 27. Qxd4 Nxd4) 27. Rf1 (27. Nxd5 $1 $15 Qxf4+ 28. Nxf4) 27... Qxf4+ 28. Rxf4 Ne3 29. b3 Rg5 30. Ne2 Rxe5 31. Nd4 {[%emt 0:00:02] [#]} Nc2 $1 32. Nf3 (32. Nxc2 Re2+) 32... Re4 33. Rf6 (33. Rxe4 $142 dxe4 34. Ng1) 33... d4 34. Ng5 Re2+ 35. Kg3 d3 {[%emt 0:00:36] ( -> ...d2)} 36. Bf1 Re3+ 37. Kh4 (37. Kf2 $19) 37... d2 38. Rg6 {[%emt 0:00:10] Weighted Error Value: White=0.89/Black=0.46} 0-1

[Event "Polish Youth Ekstraliga 2022"]
[Site "Lublin"]
[Date "2022.06.30"]
[Round "6.3"]
[White "Jaworski, Tymon"]
[Black "Warchol, Kamil"]
[Result "0-1"]
[ECO "E21"]
[WhiteElo "1628"]
[BlackElo "2079"]
[Annotator "RC"]
[PlyCount "82"]
[EventDate "2022.06.24"]
[EventType "team-tourn"]
[EventCountry "POL"]
[SourceTitle "playchess.com"]
[Source "ChessBase"]
[SourceQuality "1"]
[TimeControl "40/5400+30:1800+30"]

1. d4 Nf6 2. c4 e6 3. Nc3 Bb4 4. Nf3 b6 5. g3 Bb7 6. Bg2 O-O 7. O-O Bxc3 8. bxc3 Re8 9. Ba3 Qc8 10. Nd2 Bxg2 11. Kxg2 e5 12. e3 d6 13. Qc2 Qa6 14. Bb2 c6 15. e4 Nbd7 16. Rae1 Rac8 17. f4 h6 18. Rf3 Rc7 19. h3 Rb7 20. fxe5 dxe5 21. Rfe3 Rbb8 22. Rf3 Red8 23. Rd3 Ne8 24. Ree3 Nd6 25. Qb3 b5 26. c5 Nc4 27. Re2 Nxb2 28. Qxb2 Nxc5 29. Rde3 Ne6 30. Nb3 b4 31. dxe5 Qb6 32. Qc2 c5 33. Nd2 Qa6 34. Nf3 Qb5 35. c4 Qc6 36. Rd2 a5 37. Rd5 Nc7 38. Qd3 Nxd5 39. exd5 Qd7 40. Qe4 Qxd5 41. Qd3 Qd7 0-1

[Event "Polish Youth Ekstraliga 2022"]
[Site "Lublin"]
[Date "2022.06.30"]
[Round "6.4"]
[White "Krol, Jan"]
[Black "Ochedzan, Filip"]
[Result "1/2-1/2"]
[ECO "B90"]
[WhiteElo "1668"]
[BlackElo "1873"]
[Annotator "NA RC"]
[PlyCount "133"]
[EventDate "2022.06.24"]
[EventType "team-tourn"]
[EventCountry "POL"]
[SourceTitle "playchess.com"]
[Source "ChessBase"]
[SourceQuality "1"]
[TimeControl "40/5400+30:1800+30"]

1. e4 c5 2. Nf3 d6 3. d4 cxd4 4. Nxd4 Nf6 5. Nc3 a6 6. Bd3 e5 7. Nde2 Be7 8. O-O O-O 9. Kh1 Nbd7 10. Ng3 Nc5 11. f4 b5 12. a3 Re8 13. Qf3 Bg4 14. Qf2 Be6 15. h3 exf4 16. Bxf4 d5 {[%emt 0:01:22] [#]} (16... Rb8 $11 {remains equal.}) 17. e5 ({Better is} 17. Rad1 $1 $16 d4 18. Nce2 (18. Be2 dxc3 19. Rxd8 Raxd8 $14)) 17... Nxd3 18. cxd3 Nd7 19. Nge2 Nc5 (19... Nf8 $11 {is superior.}) 20. Rad1 Rc8 21. Nd4 Qd7 (21... Nd7 $11 {feels stronger.}) 22. Qg3 Kh8 23. Rf3 Qd8 24. Rdf1 Bh4 25. Nxe6 Rxe6 26. Qh2 (26. Qg4 $14) 26... f5 27. Bg3 (27. d4 $14 Ne4 28. Be3) 27... Bxg3 (27... g6 $11) 28. Qxg3 g6 29. Qf4 (29. Ne2 $142) 29... d4 30. Ne2 Qd5 31. Nxd4 Rxe5 32. b4 Ne6 33. Nxe6 Qxe6 34. Qh6 Qe7 35. d4 Rd5 36. Rd3 Rcd8 37. Rfd1 Qf6 38. Qd2 Re8 39. Re3 Red8 40. Rd3 Qg7 41. Rc1 (41. Re1 $11 {feels stronger.}) 41... Rxd4 42. Rxd4 Qxd4 43. Qxd4+ Rxd4 44. Rc6 a5 45. bxa5 Ra4 46. a6 Rxa3 47. Rb6 Kg7 48. Rxb5 Rxa6 49. Rb7+ Kh6 50. Rf7 Ra5 51. h4 g5 52. hxg5+ Kg6 53. Rf8 Kxg5 54. Kh2 Ra6 55. Rf7 h6 56. Kh3 Rf6 57. Rg7+ Rg6 58. Ra7 Rf6 59. Rg7+ Kf4 $11 60. g4 Kf3 61. gxf5 Rxf5 62. Kh4 Kf4 63. Rg4+ Kf3 64. Rg3+ Kf2 65. Rg6 Kf3 66. Rxh6 Kf4 67. Rg6 1/2-1/2

[Event "Polish Youth Ekstraliga 2022"]
[Site "Lublin"]
[Date "2022.06.30"]
[Round "6.5"]
[White "Lochina, Justyna"]
[Black "Adamczyk, Zuzanna"]
[Result "0-1"]
[ECO "B35"]
[WhiteElo "1672"]
[BlackElo "1909"]
[Annotator "RC"]
[PlyCount "84"]
[EventDate "2022.06.24"]
[EventType "team-tourn"]
[EventCountry "POL"]
[SourceTitle "playchess.com"]
[Source "ChessBase"]
[SourceQuality "1"]
[TimeControl "40/5400+30:1800+30"]

1. e4 c5 2. Nf3 Nc6 3. d4 cxd4 4. Nxd4 g6 5. Nc3 Bg7 6. Be3 Nf6 7. Bc4 O-O 8. Bb3 Re8 9. f3 d5 10. exd5 Nb4 11. Nde2 e6 12. Bg5 Nbxd5 13. Qd2 Nxc3 14. Qxd8 Rxd8 15. Nxc3 h6 16. Be3 b6 17. a4 Bb7 18. a5 bxa5 19. Rxa5 Nd5 20. Nxd5 exd5 21. O-O Bxb2 22. Rb1 Bg7 23. Ba4 d4 24. Bxh6 Bxh6 25. Rxb7 d3 26. cxd3 Rxd3 27. Bb3 Rf8 28. g3 Be3+ 29. Kg2 Bb6 30. Rb5 Rd2+ 31. Kh3 Bg1 32. Kg4 Rxh2 33. Rb8 Bb6 34. Rxf8+ Kxf8 35. Bc4 Rc2 36. Rb4 Kg7 37. Bd5 Rd2 38. Bb7 f5+ 39. Kf4 Kf6 40. g4 g5+ 41. Kg3 f4+ 42. Kh3 Bg1 0-1

[Event "Polish Youth Ekstraliga 2022"]
[Site "Lublin"]
[Date "2022.06.30"]
[Round "6.6"]
[White "Gaszka, Zuzanna"]
[Black "Smietanska, Wiktoria"]
[Result "0-1"]
[ECO "B10"]
[WhiteElo "1621"]
[BlackElo "1879"]
[Annotator "NA RC"]
[PlyCount "106"]
[EventDate "2022.06.24"]
[EventType "team-tourn"]
[EventCountry "POL"]
[SourceTitle "playchess.com"]
[Source "ChessBase"]
[SourceQuality "1"]
[TimeControl "40/5400+30:1800+30"]

1. e4 c6 2. Nc3 d5 3. Nf3 Nf6 4. e5 Ne4 5. Ne2 Qb6 6. d4 e6 7. Ng3 {[%emt 0:00:10] 7.Ng3 scores better than 7.Nfg1.} Nxg3 8. fxg3 c5 9. Bd3 Be7 10. O-O h6 {[%emt 0:02:43] [#]} 11. c3 $146 ({Predecessor:} 11. a3 Bd7 12. c3 Nc6 13. Kh1 c4 14. Bc2 O-O-O 15. Nh4 g5 16. Nf3 Rdf8 17. Qe2 {1-0 (33) Padmini,R (2370)-Li,X (2303) Chess.com INT 2021}) 11... Nc6 12. Kh1 Bd7 13. Bc2 Rc8 14. g4 cxd4 15. cxd4 Nb4 16. Rf2 (16. Bb1 $11 {deserves consideration.}) 16... Nxc2 17. Rxc2 O-O (17... Rxc2 $15 {might be stronger.} 18. Qxc2 O-O) 18. Be3 (18. Rf2 $11 {was preferrable.}) 18... Rxc2 19. Qxc2 Rc8 20. Qf2 Qb5 21. Rd1 Qa4 22. b3 {[%emt 0:01:15] [#]} Qa3 ({Better is} 22... Qa6 $1 $17) 23. h4 a5 24. h5 a4 25. g5 $1 hxg5 26. Bxg5 Bf8 27. Rd3 (27. Rb1 $11) 27... Bb5 28. Re3 Rc1+ 29. Re1 Rxe1+ 30. Qxe1 Qxa2 31. bxa4 Bxa4 32. h6 gxh6 33. Bf6 Qc2 34. Qa5 Qb3 35. Qa8 {[%emt 0:02:08] [#]} Qb5 ({Better is} 35... Qb4 $1 $19 36. Be7 Qxe7 37. Qxa4 Qa3 38. Qxa3 Bxa3) 36. Ng1 b6 37. Nh3 Qe8 38. Qa6 Qc6 39. Qe2 Bc2 40. Nf4 Be4 41. Qg4+ Kh7 42. Qh4 Qc1+ 43. Kh2 b5 44. Nh3 Qc2 45. Qg4 Bg6 $19 46. Ng5+ Kg8 47. Nh3 b4 48. Qh4 b3 49. Be7 Bxe7 50. Qxe7 b2 51. Qd8+ Kh7 52. Ng5+ hxg5 53. Qxg5 Qe4 0-1

[Event "Polish Youth Ekstraliga 2022"]
[Site "Lublin"]
[Date "2022.06.30"]
[Round "6.7"]
[White "Kutowski, Marcel"]
[Black "Ciborowski, Konrad Jr"]
[Result "1-0"]
[ECO "B34"]
[WhiteElo "1954"]
[BlackElo "1927"]
[Annotator "RC"]
[PlyCount "79"]
[EventDate "2022.06.24"]
[EventType "team-tourn"]
[EventCountry "POL"]
[SourceTitle "playchess.com"]
[Source "ChessBase"]
[SourceQuality "1"]
[TimeControl "40/5400+30:1800+30"]

1. e4 c5 2. Nf3 Nc6 3. Nc3 g6 4. d4 cxd4 5. Nxd4 Bg7 6. Be3 Nf6 7. f3 O-O 8. Qd2 d5 9. exd5 Nxd5 10. Nxc6 bxc6 11. Bd4 Bxd4 12. Qxd4 Qa5 13. Qa4 Qc5 14. Nxd5 Qxd5 15. Be2 Bf5 16. O-O Rab8 17. b3 Qc5+ 18. Kh1 Qxc2 19. Bc4 Rbd8 20. Qxa7 Rd2 21. Qg1 Rfd8 22. Rfc1 Qb2 23. Rd1 h5 24. a4 h4 25. h3 Bxh3 26. gxh3 Qf6 27. Rxd2 Rxd2 28. Rf1 Qf5 29. Qg4 Qc2 30. a5 Kg7 31. a6 Rh2+ 32. Kg1 Qd2 33. f4 Qa2 34. Qf3 Rc2 35. f5 Qb2 36. a7 Qd4+ 37. Kh1 Qe5 38. Qf4 Qc3 39. f6+ exf6 40. Qxf6+ 1-0

[Event "Polish Youth Ekstraliga 2022"]
[Site "Lublin"]
[Date "2022.06.30"]
[Round "6.8"]
[White "Wydmanski, Szymon"]
[Black "Wilk, Igor"]
[Result "0-1"]
[ECO "E09"]
[WhiteElo "1815"]
[BlackElo "1824"]
[Annotator "NA RC"]
[PlyCount "66"]
[EventDate "2022.06.24"]
[EventType "team-tourn"]
[EventCountry "POL"]
[SourceTitle "playchess.com"]
[Source "ChessBase"]
[SourceQuality "1"]
[TimeControl "40/5400+30:1800+30"]

1. c4 e6 2. g3 Nf6 3. Bg2 d5 4. Nf3 Be7 5. d4 O-O 6. O-O Nbd7 7. Qc2 c6 8. Nbd2 b6 9. e4 dxc4 10. Nxc4 Bb7 11. Rd1 c5 12. Nfe5 b5 (12... cxd4 $1 $11 {remains equal.} 13. Rxd4 Qc7) 13. Nxd7 Nxd7 14. Ne3 cxd4 15. Rxd4 Rc8 16. Qd3 Bc6 17. e5 Bc5 18. Rh4 f5 19. b4 {[%emt 0:24:51] [#]} Bxe3 (19... Bxg2 $1 $17 20. Kxg2 Bb6) 20. Qxe3 Bxg2 21. Kxg2 Nb6 22. Rd4 Qc7 23. Qe2 Qc6+ 24. Qf3 Nd5 25. Bd2 Qb6 26. Rxd5 exd5 27. Qxd5+ Kh8 28. Be3 Qg6 29. Bc5 $17 (29. Bxa7 $11 {keeps the balance.} f4 30. Kg1) 29... Rfd8 30. Bd6 f4 31. Re1 Rc3 32. Qxb5 Qf5 33. e6 Qxb5 0-1

[Event "Polish Youth Ekstraliga 2022"]
[Site "Lublin"]
[Date "2022.06.30"]
[Round "6.9"]
[White "Bartoszczuk, Adam"]
[Black "Wolak, Maciej"]
[Result "1/2-1/2"]
[ECO "B36"]
[WhiteElo "1662"]
[BlackElo "1316"]
[Annotator "NA RC"]
[PlyCount "70"]
[EventDate "2022.06.24"]
[EventType "team-tourn"]
[EventCountry "POL"]
[SourceTitle "playchess.com"]
[Source "ChessBase"]
[SourceQuality "1"]
[TimeControl "40/5400+30:1800+30"]

1. e4 c5 2. Nf3 Nc6 3. d4 cxd4 4. Nxd4 g6 5. c4 Nf6 6. Nc3 d6 7. f3 Nxd4 8. Qxd4 Bg7 9. Be3 O-O 10. Qd2 Qa5 11. Rc1 Be6 12. b3 Rfc8 13. Be2 Nd7 14. O-O a6 15. f4 Nc5 16. Bf3 Rab8 17. Bd4 Bxd4+ 18. Qxd4 b5 19. f5 Bd7 20. Nd5 Qd8 21. f6 exf6 22. Nxf6+ Kf8 23. Nxh7+ Kg8 24. Nf6+ Kf8 25. Qxd6+ Qe7 26. Nxd7+ Nxd7 27. Qxe7+ Kxe7 28. Bg4 bxc4 29. Rfd1 Rd8 30. Rxc4 Ne5 31. Rc7+ Kf6 32. Rf1+ Kg5 33. Be2 Rd2 34. Rc5 f6 35. Bxa6 Rxa2 1/2-1/2

[Event "Polish Youth Ekstraliga 2022"]
[Site "Lublin"]
[Date "2022.06.30"]
[Round "6.10"]
[White "Kania, Franciszek"]
[Black "Kaszuba, Michal"]
[Result "1-0"]
[ECO "B35"]
[WhiteElo "1523"]
[BlackElo "1307"]
[Annotator "NA RC"]
[PlyCount "115"]
[EventDate "2022.06.24"]
[EventType "team-tourn"]
[EventCountry "POL"]
[SourceTitle "playchess.com"]
[Source "ChessBase"]
[SourceQuality "1"]
[TimeControl "40/5400+30:1800+30"]

1. e4 c5 2. Nf3 g6 3. d4 cxd4 4. Nxd4 Nc6 5. Nc3 Bg7 6. Be3 Nf6 7. Bc4 Qa5 8. O-O O-O 9. Bb3 d6 10. h3 Bd7 11. Qd3 Ne5 12. Qe2 Bc6 13. f4 Ned7 14. Nxc6 bxc6 15. Qf3 Nc5 16. e5 Nfd7 17. Qxc6 dxe5 18. f5 Rac8 19. Qf3 Nf6 20. fxg6 hxg6 21. Qg3 e6 22. Qh4 Ncd7 23. Rad1 Rfd8 24. Bg5 Qc5+ 25. Kh2 e4 26. Rxd7 Rxd7 27. Bxf6 Bxf6 28. Qxf6 Qd4 29. Qxd4 Rxd4 30. Re1 Rc5 31. Rxe4 Rxe4 32. Nxe4 Rc6 33. Kg3 Kg7 34. Kf4 a5 35. a4 Rb6 36. Ke5 g5 37. Nd6 Rc6 38. Bc4 Rc5+ 39. Kd4 Rc6 40. Nb7 Rb6 41. Nxa5 Rxb2 42. Bb3 Rb1 43. Nc6 Kf8 44. Kc5 Rg1 45. a5 Rxg2 46. a6 Rg1 47. Ba4 Ra1 48. Kb4 Rb1+ 49. Ka5 Rh1 50. a7 Rxh3 51. a8=Q+ Kg7 52. Qb8 g4 53. Qe5+ Kg6 54. Ne7+ Kh7 55. Qf4 f5 56. Qg5 g3 57. Qg6+ Kh8 58. Qg8# 1-0

[Event "Polish Youth Ekstraliga 2022"]
[Site "Lublin"]
[Date "2022.06.30"]
[Round "6.11"]
[White "Goraj, Barbara"]
[Black "Dylag, Emilia"]
[Result "1-0"]
[ECO "A14"]
[WhiteElo "2035"]
[BlackElo "2022"]
[Annotator "NA RC"]
[PlyCount "173"]
[EventDate "2022.06.24"]
[EventType "team-tourn"]
[EventCountry "POL"]
[SourceTitle "playchess.com"]
[Source "ChessBase"]
[SourceQuality "1"]
[TimeControl "40/5400+30:1800+30"]

1. c4 e6 2. Nf3 Nf6 3. g3 d5 4. Bg2 Be7 5. O-O O-O 6. b3 c5 7. Bb2 d4 8. e3 Nc6 9. exd4 cxd4 10. Re1 Bc5 11. d3 Re8 12. Ne5 {[%emt 0:06:26] The main line 12.Ne5 scores better than 12.a3.} Nxe5 13. Rxe5 Qd6 {[%emt 0:05:12] 13...Bd6 is vanishing.} 14. f4 Rb8 15. a3 a5 16. Nd2 b6 17. h3 {[%emt 0:07:55] [#]} Nd7 $146 ({Predecessor:} 17... Bb7 18. Bxb7 Rxb7 19. Qf3 Rbe7 20. Qf2 Nd7 21. b4 axb4 22. axb4 Bxb4 23. Ne4 Qc6 {1-0 (112) Jimenez Garcia,E (2397)-Chinchilla,A (2178) Tornelo INT 2021}) 18. Re1 Bb7 19. Bxb7 Rxb7 20. Ne4 Qb8 21. Qc2 (21. Rb1 $11) 21... f5 (21... e5 $15) 22. Ng5 Qd6 23. Qf2 Nf6 24. Nf3 Rd8 25. Qg2 Rc7 (25... Rbb8 $11 {might be stronger.}) 26. Re5 Nd7 27. Re2 Nf8 28. Kh2 Rb8 (28... Rcc8 $14) 29. Qf2 Rd7 30. Ne5 Rc7 31. Qe1 h6 32. Bc1 Qe7 33. Rea2 Re8 34. Bd2 Nd7 35. b4 axb4 36. axb4 Bd6 37. Nf3 e5 38. fxe5 Nxe5 39. Nxe5 Bxe5 40. Qf2 Qd6 41. Ra8 Rce7 42. Rxe8+ Rxe8 43. Re1 Ra8 44. Re2 g5 45. Qxf5 Bxg3+ 46. Kg2 Bh4 47. Be1 Bxe1 48. Rxe1 Ra2+ 49. Kf3 Rd2 50. b5 Kg7 {[%emt 0:00:24] [#]} 51. h4 $1 ({Less strong is} 51. Re6 Rxd3+ 52. Ke2 Re3+ 53. Rxe3 dxe3 54. Kxe3 Qd1 $14) 51... Qf6 52. Qxf6+ Kxf6 53. hxg5+ Kxg5 54. Ke4 Rg2 55. Kxd4 h5 56. c5 $2 (56. Re5+ Kg6 57. Re6+ Kg7 58. Rxb6) 56... bxc5+ 57. Kxc5 h4 58. b6 h3 59. b7 (59. Rb1 $142 h2 60. b7 Rc2+ 61. Kd6) 59... Rb2 60. Kc6 Rc2+ 61. Kd7 Rb2 62. Kc7 Rc2+ 63. Kb8 Rd2 64. Kc8 Rc2+ 65. Kd8 Rb2 66. Kc7 Rc2+ 67. Kd6 Rb2 68. Re5+ Kg4 $2 (68... Kf4 $11) 69. Kc6 ({Not} 69. Re4+ Kf3 $16) 69... h2 70. Re1 Rc2+ 71. Kd6 Rb2 72. Kc7 Rc2+ 73. Kd7 Rb2 74. Kc8 Rc2+ 75. Kb8 Rd2 76. Rb1 Rxd3 77. Kc7 Rc3+ 78. Kd7 Rd3+ 79. Kc7 Rh3 80. b8=Q h1=Q 81. Qg8+ Kf4 82. Qf7+ Kg3 83. Qg6+ Kf4 84. Qf6+ Ke3 85. Qe5+ Kf2 86. Qd4+ Kg2 87. Qe4+ 1-0

[Event "Polish Youth Ekstraliga 2022"]
[Site "Lublin"]
[Date "2022.06.30"]
[Round "6.12"]
[White "Bandyk, Joanna"]
[Black "Jaros, Emilia"]
[Result "0-1"]
[ECO "C00"]
[WhiteElo "1360"]
[BlackElo "1366"]
[Annotator "NA RC"]
[PlyCount "70"]
[EventDate "2022.06.24"]
[EventType "team-tourn"]
[EventCountry "POL"]
[SourceTitle "playchess.com"]
[Source "ChessBase"]
[SourceQuality "1"]
[TimeControl "40/5400+30:1800+30"]

1. e4 e6 2. d3 d5 3. Nd2 c5 4. Ngf3 Nc6 5. g3 Bd6 6. Bg2 Nge7 7. O-O O-O 8. c3 Bd7 9. Re1 Qc7 10. Nf1 d4 11. c4 e5 12. Nh4 f5 13. exf5 Nxf5 14. Bd5+ Kh8 15. Qh5 Nxh4 16. Qxh4 Nb4 17. Be4 Bf5 18. Rd1 Qf7 19. g4 Bxe4 20. dxe4 Qf3 21. Bg5 Nd3 22. Rd2 Nf4 23. Bxf4 Rxf4 24. h3 Qxe4 25. Ng3 Qg6 26. Nh5 Rf3 27. Ng3 e4 28. Re1 Bxg3 29. fxg3 e3 30. Rde2 d3 31. Kg2 Qe4 32. Kg1 dxe2 33. Rxe2 Qb1+ 34. Kh2 Rf2+ 35. Rxf2 exf2 0-1

[Event "Polish Youth Ekstraliga 2022"]
[Site "Lublin"]
[Date "2022.06.30"]
[Round "6.13"]
[White "Kazmierowski, Tymon"]
[Black "Czernek, Tymon"]
[Result "0-1"]
[ECO "A48"]
[WhiteElo "2020"]
[BlackElo "2199"]
[Annotator "RC"]
[PlyCount "60"]
[EventDate "2022.06.24"]
[EventType "team-tourn"]
[EventCountry "POL"]
[SourceTitle "playchess.com"]
[Source "ChessBase"]
[SourceQuality "1"]
[TimeControl "40/5400+30:1800+30"]

1. d4 Nf6 2. Nf3 g6 3. c4 Bg7 4. Nc3 O-O 5. Bg5 d6 6. e3 Qe8 7. Be2 e5 8. O-O h6 9. Bh4 g5 10. dxe5 dxe5 11. Bg3 Nfd7 12. e4 Nc6 13. h4 f6 14. Qd5+ Kh8 15. c5 Qe7 16. Na4 Rd8 17. Rac1 g4 18. Nh2 Nb6 19. Nxb6 Rxd5 20. Nxd5 Qf7 21. Bc4 Be6 22. Rfd1 Rd8 23. b3 Nd4 24. Nf1 f5 25. Nc3 Bxc4 26. bxc4 f4 27. Bh2 c6 28. Nd2 Qg6 29. Kh1 Bf6 30. Nb3 g3 0-1

[Event "Polish Youth Ekstraliga 2022"]
[Site "Lublin"]
[Date "2022.06.30"]
[Round "6.14"]
[White "Chyzy, Jakub"]
[Black "Grzadka, Artur"]
[Result "1-0"]
[ECO "C42"]
[WhiteElo "2191"]
[BlackElo "1718"]
[Annotator "RC"]
[PlyCount "63"]
[EventDate "2022.06.24"]
[EventType "team-tourn"]
[EventCountry "POL"]
[SourceTitle "playchess.com"]
[Source "ChessBase"]
[SourceQuality "1"]
[TimeControl "40/5400+30:1800+30"]

1. e4 e5 2. Nf3 Nf6 3. Nxe5 d6 4. Nf3 Nxe4 5. Nc3 Nxc3 6. dxc3 Be7 7. Bf4 Nc6 8. Qd2 Be6 9. O-O-O Qd7 10. Kb1 O-O-O 11. Bb5 Bg4 12. Qd5 Be6 13. Qe4 a6 14. Ne5 Bf5 15. Qe3 Bxc2+ 16. Kxc2 Nb4+ 17. cxb4 Qxb5 18. Nd3 Rhe8 19. Kb1 g5 20. Bg3 h5 21. h4 gxh4 22. Bxh4 Bxh4 23. Qh3+ Kb8 24. Qxh4 a5 25. Qxh5 d5 26. bxa5 c5 27. Qh2+ Ka8 28. Qc7 c4 29. Qc5 Qa4 30. Qb4 Qc6 31. Nc5 Rc8 32. Na4 1-0

[Event "Polish Youth Ekstraliga 2022"]
[Site "Lublin"]
[Date "2022.06.30"]
[Round "6.15"]
[White "Przybylski, Jan"]
[Black "Krawczyk, Flawian"]
[Result "0-1"]
[ECO "B94"]
[WhiteElo "1694"]
[BlackElo "2212"]
[Annotator "RC"]
[PlyCount "92"]
[EventDate "2022.06.24"]
[EventType "team-tourn"]
[EventCountry "POL"]
[SourceTitle "playchess.com"]
[Source "ChessBase"]
[SourceQuality "1"]
[TimeControl "40/5400+30:1800+30"]

1. e4 c5 2. Nf3 d6 3. d4 cxd4 4. Nxd4 Nf6 5. Nc3 a6 6. Bg5 Nbd7 7. f4 Qc7 8. Qf3 h6 9. Bxf6 Nxf6 10. f5 Qc5 11. O-O-O g5 12. Nb3 Qc7 13. g4 Bd7 14. Bg2 Rc8 15. Rd2 Bc6 16. h4 Rg8 17. h5 Bg7 18. Nd4 Nd7 19. Rhd1 Bf6 20. Qe2 Qa5 21. Kb1 Ne5 22. Bf1 Kf8 23. Nb3 Qd8 24. Nd5 Kg7 25. Nxf6 Kxf6 26. Nd4 Qa5 27. Nb3 Qb6 28. Rd4 Qc7 29. c3 b5 30. Rc1 Qb6 31. Qd1 Rgd8 32. Rc2 a5 33. a3 b4 34. axb4 Ba4 35. Nxa5 Bxc2+ 36. Kxc2 Nxg4 37. Kb1 Ne5 38. Nc4 Nxc4 39. Bxc4 Rg8 40. Qb3 Rcf8 41. Bxf7 Rxf7 42. Qe6+ Kg7 43. e5 Qb5 44. Qg6+ Kf8 45. Qxh6+ Ke8 46. exd6 Qxf5+ 0-1

[Event "Polish Youth Ekstraliga 2022"]
[Site "Lublin"]
[Date "2022.06.30"]
[Round "6.16"]
[White "Sowinski, Pawel"]
[Black "Terkiewicz, Bruno"]
[Result "1-0"]
[ECO "C49"]
[WhiteElo "2060"]
[BlackElo "1320"]
[Annotator "RC"]
[PlyCount "73"]
[EventDate "2022.06.24"]
[EventType "team-tourn"]
[EventCountry "POL"]
[SourceTitle "playchess.com"]
[Source "ChessBase"]
[SourceQuality "1"]
[TimeControl "40/5400+30:1800+30"]

1. e4 e5 2. Nf3 Nf6 3. Nc3 Nc6 4. Bb5 Bb4 5. O-O O-O 6. d3 Bxc3 7. bxc3 d6 8. Bg5 Bg4 9. Bh4 Qe7 10. h3 Bh5 11. g4 Bg6 12. Bxc6 bxc6 13. Nd2 Qe6 14. Bxf6 Qxf6 15. Qe2 Qh4 16. Kg2 Qe7 17. Nc4 Rab8 18. Rfb1 f6 19. Ne3 Bf7 20. c4 Qd7 21. Qd2 d5 22. Rxb8 Rxb8 23. Qa5 dxe4 24. Qxa7 Rd8 25. dxe4 Qd4 26. Qxc7 Rf8 27. Rd1 Qxe4+ 28. Kg1 Qf3 29. Rd7 Qxh3 30. Rd8 Bg6 31. Rxf8+ Kxf8 32. Qxc6 Be8 33. Qd6+ Kf7 34. Qd5+ Ke7 35. Nf5+ Kf8 36. Qd6+ Kg8 37. Qe6+ 1-0

[Event "Polish Youth Ekstraliga 2022"]
[Site "Lublin"]
[Date "2022.06.30"]
[Round "6.17"]
[White "Bukala, Weronika"]
[Black "Wikar, Martyna"]
[Result "0-1"]
[ECO "E90"]
[WhiteElo "1827"]
[BlackElo "2197"]
[Annotator "RC"]
[PlyCount "84"]
[EventDate "2022.06.24"]
[EventType "team-tourn"]
[EventCountry "POL"]
[SourceTitle "playchess.com"]
[Source "ChessBase"]
[SourceQuality "1"]
[TimeControl "40/5400+30:1800+30"]

1. d4 Nf6 2. c4 g6 3. Nc3 Bg7 4. e4 d6 5. Nf3 Nc6 6. Be2 O-O 7. O-O e5 8. dxe5 dxe5 9. Bg5 Qxd1 10. Rfxd1 Bg4 11. h3 Bxf3 12. Bxf3 Nd4 13. Be3 Nc2 14. Bc5 Nxa1 15. Bxf8 Bxf8 16. Rxa1 c6 17. a3 a5 18. Rd1 Bc5 19. Na4 Bd4 20. c5 Kf8 21. Nb6 Re8 22. Na4 Ke7 23. Rb1 Nd7 24. Rc1 f5 25. Rc2 Nf6 26. exf5 gxf5 27. Nb6 e4 28. Be2 Rg8 29. Nc4 Nd5 30. Nd6 Kf6 31. Bc4 e3 32. Bxd5 exf2+ 33. Kf1 cxd5 34. Rd2 Bxc5 35. Nxb7 Be3 36. Rxd5 Rc8 37. Rd1 a4 38. Ke2 f4 39. g3 fxg3 40. Nd6 g2 41. Ne4+ Ke7 42. Nxf2 Rc1 0-1